 Dungeon Crawl Stone Soup version 0.16.2-12-gd0ad4c3 (webtiles) character file.

96384 hannobal the Impaler (level 16, -13/120 HPs)
             Began as a Formicid Fighter on Oct 5, 2015.
             Was a High Priest of Fedhas.
             Mangled by an orc warrior
             ... wielding a +0 war axe
              (15 damage)
             ... on level 4 of the Orcish Mines on Oct 6, 2015.
             The game lasted 03:21:03 (41135 turns).

hannobal the Impaler (Formicid Fighter)            Turns: 41135, Time: 03:21:04

Health: -13/120    AC:  2    Str: 26      XL:     16   Next: 66%
Magic:  28/28      EV: 10    Int: 10      God:    Fedhas [*****.]
Gold:   1912       SH: 16    Dex:  8 (10) Spells: 0 memorised, 15 levels left

rFire  + . .     SeeInvis +     a - +1 glaive (freeze)
rCold  + . .     Clarity  .     p - +1 chain mail {rC+}
rNeg   . . .     SustAb   .     s - +1 shield
rPois  .         Gourm    +     (helmet unavailable)
rElec  .         Spirit   .     M - +0 cloak
rCorr  .         Warding  .     y - +0 pair of gloves
rMut   .         Stasis   +     l - +0 pair of boots
MR     +....                    n - amulet of the gourmand
Stlth  ..........               u - ring of protection from cold
                                D - ring of fire

@: corroded equipment, drained, somewhat resistant to hostile enchantments,
extremely unstealthy
A: permanent stasis, dig shafts and tunnels, four strong arms, antennae 3,
talons 1, large bone plates 1
a: Dig, Shaft Self, Evolution, Sunlight, Growth, Reproduction, Rain, Renounce
Religion


You were on level 4 of the Orcish Mines.
You worshipped Fedhas.
Fedhas was extremely pleased with you.
You were completely stuffed.

You visited 4 branches of the dungeon, and saw 27 of its levels.
You also visited: Labyrinth and Ice Cave.

You collected 2341 gold pieces.
You spent 405 gold pieces at shops.

Inventory:

Hand weapons
 a - a +1 glaive of freezing (weapon)
 b - the +5 blowgun "Dacops" {evade, rF+}
   (You found it on level 7 of the Lair of Beasts)

   It affects your evasion (+5 to EV).
   It protects you from fire.
 e - a +2 bardiche of freezing
 A - a +0 quarterstaff of freezing
Missiles
 h - 5 javelins of returning (quivered)
 o - 5 steel tomahawks
 v - 15 curare-tipped needles
 w - 15 tomahawks
 H - 5 javelins
 U - 4 tomahawks of dispersal
Armour
 l - a +0 pair of boots (worn)
 p - a +1 chain mail of cold resistance (worn)
 s - a +1 shield (worn)
 y - a +0 pair of gloves (worn)
 E - the +3 leather armour of the Special Hells {-Cast rF+ Regen+ rCorr Dex-2}
   (You took it off an orc on level 8 of the Dungeon)

   It affects your dexterity (-2).
   It protects you from fire.
   It prevents spellcasting.
   It increases your rate of regeneration.
   It protects you from acid and corrosion.
 G - a +3 ring mail of magic resistance
 M - a +0 cloak (worn)
Magical staves
 t - an uncursed staff of poison
Jewellery
 g - an uncursed ring of flight
 n - an amulet of the gourmand (around neck)
 u - a ring of protection from cold (right hand)
 D - a ring of fire (left hand)
Magical devices
 m - a wand of fire (3)
 z - a wand of paralysis (7)
 I - a wand of disintegration (10)
 J - a wand of cold (10)
 W - a wand of fireball (1)
Scrolls
 i - a scroll of identify
 j - 4 scrolls of magic mapping
 r - 6 scrolls of remove curse
 C - a scroll of silence
 O - 2 scrolls of summoning
 R - 3 scrolls of fear
Potions
 K - 2 potions of flight
 L - 3 potions of resistance
 N - 5 potions of curing
 Y - a potion of cancellation
 Z - 4 potions of agility
Miscellaneous
 k - an ornate deck of wonders {drawn: 1}
 q - a lamp of fire (inert)
 B - a stone of tremors
 Q - a box of beasts
 S - a phial of floods (inert)
Comestibles
 c - 12 meat rations {@e2}
 d - 12 bread rations {@e1}
 f - 12 fruits {!e}


   Skills:
 - Level 9.0(8.2) Fighting
 + Level 19.9(18.9) Polearms
   Level 1.0(0.8) Slings
 - Level 1.0(0.5) Throwing
 - Level 8.0(7.3) Armour
 - Level 5.3(4.6) Dodging
 - Level 15.0(14.1) Shields
 - Level 7.1(6.4) Invocations
 - Level 5.0(4.3) Evocations


You had 15 spell levels left.
You didn't know any spells.

Dungeon Overview and Level Annotations

Branches:
Dungeon (14/15)            Temple (1/1) D:7            Lair (8/8) D:9
  Swamp (0/5) Lair:6        Snake (0/5) Lair:3        Slime (0/6) Lair:8
    Orc (4/4) D:10         Vaults (0/5) D:14
    Elf: Orc:3-4

Altars:
Cheibriados
Dithmenos
Elyvilon
Fedhas
Gozag
Okawaru
Qazlal
Sif Muna
Trog
Vehumet
Xom
The Shining One
Beogh
Jiyva

Shops:
Orc:2 }*   Orc:4 ([

Annotations:
D:4 exclusion: statue
D:5 1 runed door
D:9 exclusions: door, killer bee, 2 sensed monsters (detected) and 2 more exclusions
Lair:8 1 runed door, exclusion: door


Innate Abilities, Weirdness & Mutations

You are under a permanent stasis effect.
You can dig through walls and to a lower floor.
Your four strong arms can wield two-handed weapons with a shield.
You have a pair of large antennae on your head (SInv).
You have sharp toenails.
You are partially covered in large bone plates (AC +2, SH +2).


Message History

Something smites you!
* * * LOW HITPOINT WARNING * * *
Evoke which item? (* to show all) (? for menu, Esc to quit)
Aim the phial where?
Press: ? - help, Shift-Dir - straight line, f/p - orc high priest
Aim: an orc high priest, wielding a dire flail of protection and wearing a ring mail (almost dead)
The flood of elemental water hits the orc high priest.
You kill the orc high priest!
The wave splashes down.
Splash!
You fall into the shallow water.
Moving in this stuff is going to be slow.
The water rises up and takes form.
You hear a shout! x22
The rust devil disappears in a puff of smoke!
The red devil disappears in a puff of smoke!
A nearby toadstool withers and dies.
You block the orc's attack.
The orc warrior hits you with a war axe!
You die...
Fedhas appreciates your contribution to the ecosystem.

#.......##.#.......)......
##..................oo...#
##....P..P...#.#.#.o......#
##...P.P...P..#
##..h.....##
##.)).)P.......# #.........
#.<.[P)..∩.....###o......$.
#....)).)).8.P≈#≈#........
###....PP.ff÷))P≈o#......
#...))).)....)..@E≈≈.E§§.
#...........P..o≈§≈...§#.
.)..)#.##.P÷....≈§.§..##
..).####..P#).....§.###
..... ##...).........
...... #......#......#
#..............#......
#.............#......
##..$..............


You could see an orc warrior, an orc, 2 friendly wandering mushrooms, a friendly
water elemental and a friendly fire elemental.

Vanquished Creatures
  A minotaur (Lab)
  A vault guard (D:14)
  2 hydras
  3 catoblepae
  Erica (Orc:1)
  A centaur warrior (D:14)
  Maurice (Orc:1)
  3 tengu warriors
  14 death yaks
  An orc high priest (Orc:4)
  Nergalle (Lair:6)
  2 ice devils (IceCv)
  A deep troll (D:14)
  4 unseen horrors
  2 ice statues (IceCv)
  An obsidian statue (D:14)
  7 hill giants
  4 orc sorcerers (Orc:4)
  2 wizards (D:14)
  2 cyclopes (D:13)
  3 orc knights
  3 ugly things
  4 black mambas
  27 elephants
  A molten gargoyle (D:12)
  A torpor snail (Lair:6)
  15 spiny frogs
  3 gargoyles
  A komodo dragon (shapeshifter) (D:13)
  5 komodo dragons
  24 orc warriors
  3 fire drakes
  8 trolls
  3 giant leeches
  Sonja (D:10)
  A fire vortex (D:12)
  7 blue devils (IceCv)
  A two-headed ogre (D:12)
  18 blink frogs
  A basilisk (shapeshifter) (D:14)
  2 ravens (D:12)
  2 wraiths
  3 wyverns
  4 basilisks
  40 yaks
  A deep elf mage (D:13)
  A fire elemental (D:14)
  3 hungry ghosts
  Grum (D:9)
  A steam dragon (D:10)
  11 hippogriffs
  14 wolves
  3 wargs
  6 swamp worms (Lair:6)
  A mottled dragon (D:12)
  11 vampire mosquitoes
  11 water moccasins
  4 ice beasts
  2 eyes of draining (D:14)
  4 porcupines
  2 boring beetles
  3 sky beasts
  17 centaurs
  5 ogres
  4 phantoms
  20 crocodiles
  Sigmund (D:6)
  21 giant frogs
  13 big kobolds
  A wyvern zombie (D:13)
  3 scorpions
  2 jellies
  11 wights
  9 killer bees
  4 electric eels
  5 crimson imps
  3 centaur zombies
  4 lava snakes (D:12)
  7 iguanas
  A wasp zombie (D:12)
  20 orc priests
  A centaur skeleton (D:4)
  2 giant frog skeletons
  12 hounds
  24 orc wizards
  18 sheep
  4 hell rats (Lair:4)
  7 worker ants
  An ogre zombie (D:10)
  4 ogre skeletons (D:10)
  A hound skeleton (D:4)
  Terence (D:1)
  A worker ant zombie (D:5)
  86 river rats
  24 adders
  A gnoll (D:1)
  A shadow imp (D:6)
  4 giant mites
  9 white imps (IceCv)
  3 worms
  5 ufetubi (IceCv)
  2 adder skeletons
  6 giant geckos
  An ooze (D:1)
  133 orcs
  2 bat skeletons
  5 giant cockroaches
  19 goblins
  22 hobgoblins
  4 jackals
  13 quokkas
  2 ball pythons
  17 bats
  4 giant newts
  2 goblin skeletons (D:10)
  2 hobgoblin zombies (D:10)
  39 kobolds
  7 orc skeletons (D:10)
  6 orc zombies (D:10)
  A quokka skeleton (D:9)
  27 rats
  A fungus (D:3)
989 creatures vanquished.

Vanquished Creatures (collateral kills)
  Fannar (Orc:2)
  2 hydras
  A catoblepas (Lair:7)
  Urug (D:10)
  3 death yaks
  The ghost of Turgon the Skirmisher, an experienced OgTm of Ashenzari (D:5)
  A basilisk (Lair:3)
  A wolf spider (Lair:3)
  2 black mambas (Lair:3)
  6 elephants (Lair:7)
  6 spiny frogs
  2 komodo dragons
  A troll (D:10)
  A polar bear (Lair:4)
  3 ravens (D:14)
  9 blink frogs
  A hippogriff (Lair:8)
  7 yaks
  A steam dragon (D:8)
  3 vampire mosquitoes (Lair:8)
  4 wolves
  A water moccasin (Lair:4)
  An ogre (D:8)
  A centaur (D:8)
  6 orc warriors
  A phantom (D:14)
  A wasp (D:10)
  2 big kobolds
  11 giant frogs
  A scorpion (D:10)
  2 wyvern skeletons
  A killer bee (D:12)
  A goliath beetle (D:7)
  An orc priest (Orc:4)
  A hound (Lair:4)
  An orc wizard (D:5)
  8 sheep
  An ogre zombie (D:10)
  A hound skeleton (D:10)
  6 adders
  8 river rats
  21 orcs
  A hobgoblin (D:10)
  4 kobolds
  A bat (D:5)
  An orc skeleton (D:10)
  An orc zombie (D:10)
  3 quokkas
  A butterfly (Lair:7)
  A plant (Lair:7)
  2 toadstools (Lair:8)
149 creatures vanquished.

Vanquished Creatures (others)
  54 wandering mushrooms
  2 hyperactive ballistomycetes (D:8)
  An iguana (D:8)
  A worker ant (D:7)
  3 ufetubi (IceCv)
  A giant newt (D:7)
  2 giant spores
  2 ballistomycetes
  63 fungi
  70 plants
  889 toadstools
1088 creatures vanquished.

Grand Total: 2226 creatures vanquished

Notes
Turn   | Place    | Note
--------------------------------------------------------------
     0 | D:1      | hannobal, the Formicid Fighter, began the quest for the Orb.
     0 | D:1      | Reached XP level 1. HP: 18/18 MP: 1/1
   115 | D:1      | Reached XP level 2. HP: 13/24 MP: 3/3
   443 | D:1      | Reached XP level 3. HP: 27/29 MP: 4/4
  1006 | D:1      | Reached skill level 4 in Polearms
  1006 | D:1      | Reached XP level 4. HP: 24/35 MP: 5/5
  1152 | D:2      | Noticed Terence
  1174 | D:1      | Killed Terence
  1433 | D:2      | Found an opulent altar of Gozag.
  1437 | D:2      | Reached skill level 1 in Dodging
  1834 | D:2      | Found a bloodstained altar of Trog.
  1962 | D:2      | Reached XP level 5. HP: 38/41 MP: 7/7
  2241 | D:3      | Found an iron altar of Okawaru.
  2344 | D:3      | Found a blossoming altar of Fedhas.
  2364 | D:3      | Became a worshipper of Fedhas Madash
  3180 | D:4      | Noticed an ogre
  3411 | D:4      | Found a radiant altar of Vehumet.
  3447 | D:4      | Reached skill level 5 in Polearms
  3741 | D:4      | Found a deep blue altar of Sif Muna.
  3750 | D:4      | Noticed a phantom
  3997 | D:4      | Killed a phantom
  3997 | D:4      | Reached XP level 6. HP: 40/47 MP: 8/8
  4000 | D:4      | Reached skill level 6 in Polearms
  4081 | D:4      | Reached skill level 1 in Slings
  4173 | D:4      | Reached skill level 1 in Invocations
  4225 | D:4      | Acquired Fedhas' first power
  4844 | D:5      | Entered Level 5 of the Dungeon
  4848 | D:5      | Noticed an ice beast
  4853 | D:4      | Reached XP level 7. HP: 52/52 MP: 10/10
  4907 | D:5      | Noticed Turgon's ghost (experienced OgTm)
  5003 | D:5      | Noticed a sky beast
  5028 | D:5      | Killed a sky beast
  5028 | D:5      | Reached skill level 7 in Polearms
  5192 | D:5      | Killed an ice beast
  5192 | D:5      | Reached skill level 8 in Polearms
  5394 | D:5      | Reached XP level 8. HP: 58/58 MP: 12/12
  5399 | D:5      | Reached skill level 1 in Evocations
  5644 | D:5      | Found a runed door.
  5644 | D:5      | Found a white marble altar of Elyvilon.
  5644 | D:5      | Noticed an angel
  5846 | D:5      | Found a shimmering altar of Xom.
  5956 | D:5      | Killed Turgon's ghost
  5956 | D:5      | Reached skill level 9 in Polearms
  6115 | D:5      | Found a stormy altar of Qazlal.
  6448 | D:6      | Noticed Sigmund
  6464 | D:6      | Killed Sigmund
  6669 | D:6      | Reached XP level 9. HP: 58/64 MP: 17/17
  6812 | D:6      | Reached skill level 10 in Polearms
  7127 | D:6      | Found a snail-covered altar of Cheibriados.
  7450 | D:7      | Found a shadowy altar of Dithmenos.
  7630 | D:7      | Noticed a troll
  7640 | D:7      | Killed a troll
  7770 | D:7      | Found a staircase to the Ecumenical Temple.
  7779 | Temple   | Entered the Ecumenical Temple
  8105 | D:8      | Found an iron altar of Okawaru.
  8145 | D:8      | Acquired Fedhas' second power
  8324 | D:8      | Reached skill level 11 in Polearms
  8987 | D:8      | Found a white marble altar of Elyvilon.
  9056 | D:8      | Reached skill level 12 in Polearms
  9066 | D:8      | Reached XP level 10. HP: 25/70 MP: 18/18
  9069 | D:8      | Got a twisted leather armour
  9103 | D:8      | Identified the +3 leather armour of the Special Hells {-Cast rF+ Regen+ rCorr Dex-2} (You took it off an orc on level 8 of the Dungeon)
  9514 | D:8      | Reached skill level 13 in Polearms
  9905 | D:9      | Noticed Grum
  9921 | D:9      | Killed Grum
 10129 | D:9      | Found a staircase to the Lair.
 10175 | D:9      | Found a glowing golden altar of the Shining One.
 10514 | Lair:1   | Entered Level 1 of the Lair of Beasts
 10584 | Lair:1   | Reached skill level 14 in Polearms
 11050 | Lair:1   | Acquired Fedhas' third power
 11478 | Lair:1   | Reached XP level 11. HP: 67/75 MP: 20/20
 12167 | Lair:2   | Reached skill level 15 in Polearms
 13014 | Lair:2   | Acquired Fedhas' fourth power
 13373 | Lair:3   | Reached skill level 5 in Fighting
 13374 | Lair:3   | Noticed a wolf spider
 13535 | D:10     | Entered Level 10 of the Dungeon
 13548 | D:10     | Noticed Urug
 13573 | D:9      | HP: 3/79 [poisoned by a kobold]
 13581 | D:9      | HP: 3/79 [poisoned by a kobold]
 14062 | D:10     | Found a staircase to the Orcish Mines.
 14116 | D:10     | Noticed Sonja
 14133 | D:10     | Killed Sonja
 14189 | D:10     | Reached skill level 5 in Shields
 14250 | D:10     | Killed Urug
 14893 | D:10     | Noticed a red ugly thing
 14907 | D:10     | Killed a red ugly thing
 14907 | D:10     | Reached XP level 12. HP: 86/86 MP: 20/20
 14989 | D:10     | Noticed a hill giant
 15000 | D:10     | Killed a hill giant
 15000 | D:10     | Reached skill level 5 in Dodging
 15011 | D:10     | Identified the Compendium of Harmful Cold
 15035 | D:10     | Noticed a hill giant
 15047 | D:10     | Killed a hill giant
 15291 | Orc:1    | Entered Level 1 of the Orcish Mines
 15338 | Orc:1    | Noticed Maurice
 15369 | Orc:1    | Killed Maurice
 15369 | Orc:1    | Reached skill level 5 in Invocations
 15405 | Orc:1    | Found a shimmering altar of Xom.
 15721 | Orc:2    | Noticed Erica
 15738 | Orc:1    | Killed Erica
 15955 | Orc:2    | Found Gudaj's Assorted Antiques.
 15978 | Orc:2    | Bought a dark potion for 28 gold pieces
 15978 | Orc:2    | Bought a viscous blue potion for 28 gold pieces
 15978 | Orc:2    | Bought a runed silver wand for 128 gold pieces
 15980 | Orc:2    | Gained mutation: You are partially covered in large bone plates (AC +2, SH +2). [potion of beneficial mutation]
 16025 | Orc:2    | Acquired Fedhas' fifth power
 16127 | Orc:2    | Found Ymuc's Gadget Boutique.
 16447 | Orc:2    | Reached skill level 5 in Armour
 16510 | Orc:3    | Noticed Fannar
 16542 | Orc:2    | Killed Fannar
 16691 | Orc:2    | Found a bloodstained altar of Trog.
 17413 | Orc:4    | Entered Level 4 of the Orcish Mines
 17413 | Orc:4    | Found Ret Eluw's Antique Weapon Shoppe.
 17798 | Orc:4    | Found Neda's Antique Armour Boutique.
 17800 | Orc:4    | Noticed a soul eater
 17860 | Orc:4    | Noticed an orc high priest
 17861 | Orc:4    | Noticed an orc high priest
 18525 | Lair:3   | Killed a wolf spider
 18805 | Lair:3   | Reached skill level 16 in Polearms
 19264 | Lair:3   | Found a deep blue altar of Sif Muna.
 19268 | Lair:3   | Found a staircase to the Snake Pit.
 20289 | Lair:4   | Reached XP level 13. HP: 91/91 MP: 24/24
 20486 | Lair:4   | Reached skill level 10 in Shields
 22442 | Lair:6   | Found a radiant altar of Vehumet.
 22613 | Lair:6   | Found a staircase to the Swamp.
 24633 | Lair:6   | Noticed Nergalle
 24675 | Lair:6   | Killed Nergalle
 25193 | Lair:5   | Reached XP level 14. HP: 44/98 MP: 25/25
 25445 | Lair:5   | Reached skill level 15 in Shields
 26814 | Lair:7   | Got a shimmering blowgun
 26815 | Lair:7   | Identified the +5 blowgun "Dacops" {evade, rF+} (You found it on level 7 of the Lair of Beasts)
 26952 | Lair:7   | Reached skill level 1 in Throwing
 27782 | Lair:8   | Entered Level 8 of the Lair of Beasts
 27782 | Lair:8   | Found a frozen archway.
 27832 | IceCv    | Entered an ice cave
 29214 | Lair:8   | HP: 4/105 [vampire mosquito (3)]
 29219 | Lair:8   | HP: 4/105 [poisoned by a spiny frog]
 29226 | Lair:7   | HP: 4/105 [poisoned by a spiny frog]
 29677 | Lair:7   | Reached XP level 15. HP: 110/110 MP: 27/27
 29923 | Lair:7   | Reached skill level 17 in Polearms
 30525 | Lair:8   | Found a runed door.
 30543 | Lair:8   | Found a viscous altar of Jiyva.
 31214 | Lair:7   | Reached skill level 5 in Evocations
 31510 | Lair:8   | Got a shimmering lajatang
 31511 | Lair:8   | Identified the +7 lajatang of Balance {slice, rC+} (You found it on level 8 of the Lair of Beasts)
 33437 | Lair:8   | Noticed an acid blob
 33438 | Lair:8   | Found a staircase to the Slime Pits.
 33600 | Lair:8   | Got a twisted battleaxe
 33601 | Lair:8   | Identified the +9 battleaxe "Keumanur" {pain, +Rage rN+ Dex-3 Stlth+} (You found it on level 8 of the Lair of Beasts)
 33705 | Lair:8   | Reached skill level 18 in Polearms
 34231 | D:11     | Found a labyrinth entrance.
 34268 | Lab      | Entered a labyrinth
 34425 | Lab      | Got an emerald-encrusted leather armour
 34428 | Lab      | Identified Fupenere's Disquisition on Mutagenic Clay
 34446 | D:11     | Identified the +2 leather armour "Siper" {+Blink Dex+4} (You found it in a labyrinth)
 34989 | D:11     | Found a white marble altar of Elyvilon.
 35808 | D:12     | Reached XP level 16. HP: 111/120 MP: 28/28
 37704 | D:13     | Found a roughly hewn altar of Beogh.
 38053 | D:13     | Reached skill level 19 in Polearms
 38768 | D:14     | Gained mutation: You have sharp toenails. [potion of beneficial mutation]
 40100 | D:14     | Found a gate to the Vaults.
 40899 | Orc:4    | Bought a glowing glaive for 221 gold pieces
 41132 | Orc:4    | HP: 4/120 [red devil/trident[an orc high priest] (10)]
 41135 | Orc:4    | Killed an orc high priest
 41135 | Orc:4    | Mangled by an orc warrior

Action                   |  1- 3 |  4- 6 |  7- 9 | 10-12 | 13-15 | 16-18 || total
-------------------------+-------+-------+-------+-------+-------+-------++-------
Melee: Trident           |   123 |   332 |   318 |       |       |       ||   773
       Glaive            |       |       |    27 |  1088 |   832 |   674 ||  2621
       Halberd           |       |       |       |    26 |   877 |       ||   903
       Quarterstaff      |       |       |       |       |       |    15 ||    15
 Fire: Hunting sling     |       |     1 |       |       |       |       ||     1
Throw: Stone             |       |     1 |       |     2 |       |       ||     3
       Tomahawk          |       |     5 |     3 |    15 |    30 |     9 ||    62
       Throwing net      |       |       |       |     1 |       |       ||     1
       Javelin           |       |       |       |    12 |    58 |    21 ||    91
Invok: Evolution         |       |       |     6 |    18 |    31 |     5 ||    60
       Sunlight          |       |       |     1 |       |       |       ||     1
       Rain              |       |       |       |       |     2 |       ||     2
 Abil: Dig               |     1 |       |     7 |    20 |    25 |    10 ||    63
Evoke: Wand              |       |       |     7 |    12 |    16 |       ||    35
       Lamp of fire      |       |       |       |       |     1 |     1 ||     2
       Phial of floods   |       |       |       |       |     1 |     1 ||     2
       Deck              |       |       |       |       |       |     1 ||     1
  Use: Scroll            |     4 |     3 |     7 |     8 |    12 |     5 ||    39
       Potion            |       |     7 |     1 |     3 |     3 |     4 ||    18
 Stab: Paralysed         |       |       |    10 |       |     4 |       ||    14
       Confused          |       |       |       |    11 |    17 |     4 ||    32
       Distracted        |       |       |       |     4 |     2 |     1 ||     7
  Eat: Chunk             |       |    15 |    18 |    36 |    33 |    19 ||   121
       Bread ration      |       |     1 |       |       |       |       ||     1
       Royal jelly       |       |       |     1 |       |     2 |       ||     3
       Pizza             |       |       |       |     1 |     1 |     1 ||     3
       Beef jerky        |       |       |       |       |    12 |     1 ||    13
